 Dungeon Crawl Stone Soup version 0.27-a0-1595-g0b823d0a13 (webtiles) character file.

Game seed: 8245607363599893676

34 Mitsuki the Covered (level 3, -5/33 HPs)
             Began as a Minotaur Fighter on July 20, 2021.
             Slain by a gnoll (15 damage)
             ... on level 2 of the Dungeon.
             The game lasted 00:01:40 (1039 turns).

Mitsuki the Covered (Minotaur Fighter)              Turns: 1039, Time: 00:01:40

Health: -5/33      AC:  7    Str: 21    XL:     3   Next: 14%
Magic:  2/2        EV:  7    Int:  5    God:
Gold:   42         SH:  9    Dex:  9    Spells: 2/2 levels left

rFire    . . .     SeeInvis .   a - +0 long sword
rCold    . . .     Faith    .   c - +0 kite shield
rNeg     . . .     Spirit   .   b - +0 scale mail
rPois    .         Reflect  .   (helmet restricted)
rElec    .         Harm     .   (no cloak)
rCorr    .         Rampage  .   (no gloves)
Will     .....                  (no boots)
Stlth    ..........             (no amulet)
HPRegen  0.11/turn              (no ring)
MPRegen  0.08/turn              (no ring)

@: no status effects
A: horns 2, retaliatory headbutt
a: no special abilities


You were on level 2 of the Dungeon.
You visited 1 branch of the dungeon, and saw 2 of its levels.

You collected 42 gold pieces.

Inventory:

Hand Weapons
 a - a +0 long sword (weapon)
Armour
 b - a +0 scale mail (worn)
 c - a +0 kite shield (worn)
Scrolls
 e - a scroll of teleportation {unknown}
 f - a scroll of immolation {unknown}
Potions
 d - a potion of might
 g - a potion of flight {unknown}


   Skills:
 + Level 4.1 Fighting
 + Level 3.0 Long Blades
 + Level 4.1 Armour
 + Level 4.0 Shields


You had 2 spell levels left.
You didn't know any spells.
Your spell library contained the following spells:

 Spells                   Type           Power      Damage    Failure   Level
 Conjure Flame            Conj/Fire      0%         6-21      100%        3
 Ignite Poison            Fire/Tmut/Pois 0%         N/A       100%        3
 Sticky Flame             Conj/Fire      0%         2d3       100%        4


Dungeon Overview and Level Annotations

Branches:
Dungeon (2/15)

Altars:


Innate Abilities, Weirdness & Mutations

You have a pair of horns on your head.
You reflexively headbutt those who attack you in melee.


Message History

Health restored: 33 No target in view!
g - a coppery potion You now have 42 gold pieces (gained 9).
A gnoll comes into view. It is wielding a +0 spear.
The gnoll shouts!
You hear a shout!
A gnoll comes into view. It is wielding a +0 halberd.
A gnoll comes into view. It is wielding a +0 flail.
The gnoll shouts!
A gnoll comes into view. It is wielding a +0 club.
The gnoll hits you but does no damage.
Your shield prevents you from hitting the gnoll.
You block the gnoll's attack.
The gnoll hits you from afar with a +0 spear.
You take 5 damage, and have 28/33 hp.
You barely miss the gnoll. The gnoll hits you with a +0 halberd.
You block the gnoll's attack. x2
The gnoll hits you from afar with a +0 spear.
You take 8 damage, and have 20/33 hp.
MASSIVE DAMAGE!!
You closely miss the gnoll. You block the gnoll's attack.
The gnoll hits you but does no damage.
Your shield prevents you from hitting the gnoll.
You block the gnoll's attack. The gnoll barely misses you.
The gnoll hits you with a +0 halberd.
You take 5 damage, and have 15/33 hp.
You are too injured to fight recklessly!
You hit the gnoll.
You headbutt the gnoll, but do no damage.
The gnoll is moderately wounded.
The gnoll hits you from afar with a +0 spear.
The gnoll hits you with a +0 halberd. You block the gnoll's attack.
You take 4 damage, and have 11/33 hp.
You completely miss the gnoll.
The gnoll is moderately wounded.
The gnoll closely misses you.
You riposte.
You closely miss the gnoll.
The gnoll is moderately wounded.
The gnoll hits you from afar with a +0 spear.
You take 1 damage, and have 10/33 hp.
The gnoll hits you from afar with a +0 halberd!
You die...

### .g#
#g# #g#
#g# #.#
#@#
#.#####
#.#...#
#.#.#.#
#.#.#.#
#.#.#.#
#.#.#.#
#.#.#.#
#...#.#


You could see 4 gnolls.

Vanquished Creatures
  An adder (D:2)
  A dart slug (D:1)
  2 endoplasms (D:1)
  A giant cockroach (D:1)
  2 goblins (D:1)
  5 hobgoblins (D:1)
  2 kobolds (D:1)
  2 ball pythons
  3 bats
  2 frilled lizards (D:1)
  A rat (D:1)
22 creatures vanquished.

Notes
Turn   | Place    | Note
-------+----------+-------------------------------------------
     0 | D:1      | Mitsuki the Minotaur Fighter began the quest for the Orb.
     0 | D:1      | Reached XP level 1. HP: 19/19 MP: 0/0
   268 | D:1      | Found a faded altar of an unknown god.
   270 | D:1      | Reached XP level 2. HP: 27/27 MP: 1/1
   916 | D:2      | Reached XP level 3. HP: 29/33 MP: 2/2
  1039 | D:2      | Slain by a gnoll

Illustrated notes

Levels and vault maps discovered:
D:1:      dpeg_arrival_simpleton_b, layout_loops_corners,
          hellmonk_ecumenical_altar_prayer_group, minivault_4,
          minmay_pentomino_z2
D:2:      minmay_door_path, layout_basic, grunt_decor_junction,
          chequers_serial_rivers_large_b

Skill      XL: |  1  2 |
---------------+-------+-----
Fighting       | 4 |  4.1
Armour         | 4 |  4.1
Shields        | 4 |  4.0
Long Blades    | 3 |  3.0

Action                   || total
-------------------------++-------
Melee: Long sword        ||    45
       Headbutt          ||     5
Armor: Scale mail        ||    15
Dodge: Dodged            ||    15
Block: Kite shield       ||    24
       Rpst.: Long sword ||     3

Table legend: (Time is in decaauts)
 A = Elapsed time spent in this place.
 B = Non-inter-level travel time spent in this place.
 C = Inter-level travel time spent in this place.
 D = Time resting spent in this place.
 E = Time spent auto-exploring this place.
 F = Levels seen in this place.
 G = Mean time per level.
                   A        B        C        D        E       F      G
               +--------+--------+--------+--------+--------+-----+--------+
         Total |   1060 |   1030 |     30 |      0 |    901 |   2 |  530.0 |
       Dungeon |   1060 |   1030 |     30 |      0 |    901 |   2 |  530.0 |
               +--------+--------+--------+--------+--------+-----+--------+

Top non-repeatable levels by time:
     D:1: 922 daAuts
     D:2: 137 daAuts
